 Dungeon Crawl Stone Soup version 0.31-a0-925-g0a390f2509 (webtiles) character file.

Game seed: 1158190245881951223

2553 Dirtsage the Destroyer (level 9, -12/45 HPs)
             Began as a Gargoyle Fire Elementalist on Oct 18, 2023.
             Was a Follower of Vehumet.
             Mangled by an orc warlord
             ... wielding a +2 broad axe
              (22 damage)
             ... in a bailey.
             The game lasted 00:30:26 (8052 turns).

Dirtsage the Destroyer (Gargoyle Fire Elementalist) Turns: 8052, Time: 00:30:27

Health: -12/45     AC: 10    Str: 12    XL:     9   Next: 56%
Magic:  3/15       EV: 12    Int: 22    God:    Vehumet [*.....]
Gold:   467        SH:  0    Dex: 16    Spells: 3/16 levels left

rFire   . . .        z - staff of cold
rCold   . . .        (no shield)
rNeg    + + +        a - +0 robe
rPois   ∞            (no helmet)
rElec   +            C - +0 cloak "Nenek" {Slay+2}
rCorr   .            o - +0 pair of gloves
SInv    .            (no boots)
Will    .....        x - amulet of magic regeneration
Stlth   ++           s - ring "Qimugim" {rPois rC- rN++ Int+2 Slay+4}
HPRegen 0.27/turn    q - +6 ring of dexterity
MPRegen 0.54/turn

%: no passive effects
@: no status effects
A: sickness immunity, AC +6, negative energy resistance 1, electricity
resistance, torment resistance 1, petrification resistance
a: Renounce Religion


You were in a bailey.
You worshipped Vehumet.
Vehumet was aware of your devotion.
You visited 2 branches of the dungeon, and saw 9 of its levels.
You also visited: Bailey.

You collected 467 gold pieces.

Inventory:

Hand Weapons
 g - a +0 whip
Armour
 a - a +0 robe (worn)
 o - a +0 pair of gloves (worn)
 C - the +0 cloak "Nenek" (worn) {Slay+2}
   (You found it on level 6 of the Dungeon)

   Slay+2:    It affects your accuracy & damage with ranged weapons and melee
   (+2).
Magical Staves
 k - a staff of air
 z - a staff of cold (weapon)
Jewellery
 n - an amulet of the acrobat
 q - a +6 ring of dexterity (right hand)
 s - the ring "Qimugim" (left hand) {rPois rC- rN++ Int+2 Slay+4}
   (You found it on level 3 of the Dungeon)

   [ring of slaying]

   Int+2:     It affects your intelligence (+2).
   Slay+4:    It affects your accuracy & damage with ranged weapons and melee
   (+4).
   rC-:       It makes you vulnerable to cold.
   rPois:     It protects you from poison rN++: It greatly protects you from
   negative energy.
 x - an amulet of magic regeneration (around neck)
Wands
 e - a wand of polymorph (9)
 y - a wand of charming (7)
 D - a wand of flame (5)
 E - a wand of mindburst (21)
Scrolls
 d - a scroll of enchant armour {unknown}
 i - a scroll of enchant weapon {unknown}
 j - 2 scrolls of amnesia
 m - 4 scrolls of fog
 t - 2 scrolls of teleportation
 u - a scroll of butterflies
 v - 2 scrolls of poison
 A - a scroll of torment {unknown}
 B - 3 scrolls of blinking
 J - 3 scrolls of fear {unknown}
Potions
 b - 4 potions of magic
 c - a potion of heal wounds {unknown}
 f - 6 potions of curing {unknown}
 h - 2 potions of attraction {unknown}
 l - 2 potions of lignification
 p - a potion of cancellation {unknown}
 r - a potion of haste {unknown}
 w - a potion of resistance {unknown}
 F - a potion of brilliance {unknown}
 G - a potion of might {unknown}
 H - a potion of berserk rage {unknown}
 I - a potion of invisibility {unknown}


   Skills:
 - Level 1.5 Dodging
 - Level 2.1 Stealth
 + Level 4.4 Spellcasting
 * Level 9.2 Conjurations
 * Level 9.0 Fire Magic


You had 3 spell levels left.
You knew the following spells:

 Your Spells              Type           Power      Damage    Failure   Level
a - Foxfire               Conj/Fire      100%       2x1d9     1%          1
b - Scorch                Fire           88%        2d8       1%          2
c - Flame Wave            Conj/Fire      45%        2d12      2%          4
d - Inner Flame           Hex/Fire       24%        N/A       4%          3
e - Volatile Blastmotes   Fire/Tloc      48%        2d14      4%          3

Your spell library contained the following spells:

 Spells                   Type           Power      Damage    Failure   Level
 Sandblast                Erth           8%         2d5       11%         1
 Wereblood                Tmut           4%         N/A       16%         2
 Summon Forest            Summ/Tloc      2%         N/A       96%         5
 Summon Mana Viper        Hex/Summ       4%         N/A       96%         5
 Summon Cactus Giant      Summ           2%         N/A       100%        6
 Summon Hydra             Summ           2%         N/A       100%        7
 Sublimation of Blood     Necr           Unusable   N/A       N/A         2

Dungeon Overview and Level Annotations

Branches:
Dungeon (8/15)             Temple (1/1) D:6          Bailey (1/1)
   Lair: D:8-11

Altars:
Cheibriados
Dithmenos
Fedhas
Gozag
Hepliaklqana
Makhleb
Nemelex Xobeh
Okawaru
Qazlal
Ru
Trog
Vehumet
Wu Jian
Xom
Yredelemnul
Zin
The Shining One

Shops:
D:2 [[((

Annotations:
D:2 1 runed translucent door, Crazy Yiuf


Innate Abilities, Weirdness & Mutations

You are immune to sickness and miasma.
Your stone body is resilient. (AC +6)
You are immune to poison.
You resist negative energy. (rN+)
You are resistant to electric shocks. (rElec)
You are resistant to unholy torment.
You are immune to petrification.


Message History

(Press . to intensify the flame waves.)
The orc warlord hits you with a +2 broad axe.
You take 6 damage, and have 39/45 hp.
You now have 9/15 mp.
A wave of flame ripples out!
The flame wave engulfs the orc warlord.
The orc warlord is moderately wounded.
The orc warlord closely misses you.
You now have 8/15 mp.
A wave of flame ripples out!
The flame wave engulfs the orc warlord!
The orc warlord is burned terribly!
The orc warlord is moderately wounded.
You finish channelling waves of flame.
You are engulfed in a cloud of scalding steam.
The orc warlord barely misses you.
You take 1 damage, and have 38/45 hp.
Casting: Flame Wave (dangerous; 2% risk of failure)
Confirm with . or Enter, or press ? or * to list all spells.
Casting: Flame Wave (dangerous; 2% risk of failure)
Press: ? - help, Dir - look around, f - activate A wave of flame ripples out!
The flame wave engulfs the orc warlord but does no damage.
The orc warlord is moderately wounded. (Press . to intensify the flame waves.)
You are engulfed in a cloud of scalding steam.
The orc warlord hits you with a +2 broad axe!
You take 17 damage, and have 21/45 hp.
MASSIVE DAMAGE!!
You now have 4/15 mp.
A wave of flame ripples out!
The flame wave engulfs the orc warlord!
The orc warlord is burned terribly!
The orc warlord is heavily wounded.
The orc warlord hits you with a +2 broad axe!
* * * LOW HITPOINT WARNING * * *
You take 10 damage, and have 11/45 hp.
MASSIVE DAMAGE!!
A wave of flame ripples out!
The flame wave engulfs the orc warlord!
The orc warlord is burned terribly!
The orc warlord is heavily wounded.
You finish channelling waves of flame.
You are engulfed in a cloud of scalding steam.
* * * LOW HITPOINT WARNING * * *
The orc warlord is no longer more vulnerable to fire.
The orc warlord hits you with a +2 broad axe!!
You die...

♣.##.[)#~:!8...8!=~#...##.♣
♣♣..###'#~.........~#'###..♣♣
♣...~~~[#~..8...8..~#.~~~...♣
♣♣...~~~.##.........##.~~~...♣♣
♣∩...~~).#~....∩....~#.~~~...∩♣
♣♣...~~))#~.........~#.~~~...♣♣
♣...~~~(#~§.8...8.~~#.~~~...♣
♣♣..###'###..o....###'###..♣♣
♣.##....#§.8@§§8.§#....##.♣
♣##.....#§§§§§§§§§#.....##♣
##......####§§§####......##
#...8......#'''#......8...#
#.........................#
#.........................#
##..8..8...........8..8..##
##.......#######.......##
##.....## ##.....##


You could see an orc warlord.

Vanquished Creatures
  Prince Ribbit (D:5)
  Edmund (D:4)
  2 water moccasins
  2 ice beasts (D:5)
  A black bear (D:6)
  5 orc warriors (Bailey)
  2 phantoms
  2 bullfrogs
  4 scorpions
  5 killer bees (D:8)
  A jelly (D:6)
  A gnoll bouda (D:7)
  An orc priest (D:5)
  3 hounds
  An iguana (D:6)
  Jessica (D:3)
  3 orc wizards
  8 gnolls
  8 adders
  4 worms
  15 orcs
  6 ball pythons
  15 endoplasms
  3 giant cockroaches
  6 goblins
  8 hobgoblins
  8 jackals
  4 quokkas
  8 bats
  3 frilled lizards
  16 kobolds
  5 rats
153 creatures vanquished.

Vanquished Creatures (others)
  261 foxfires
261 creatures vanquished.

Grand Total: 414 creatures vanquished

Notes
Turn   | Place    | Note
-------+----------+-------------------------------------------
     0 | D:1      | Dirtsage the Gargoyle Fire Elementalist began the quest for
                  | the Orb.
     0 | D:1      | Reached XP level 1. HP: 10/10 MP: 3/3
   171 | D:1      | Reached XP level 2. HP: 15/15 MP: 3/5
   198 | D:1      | Learned a level 2 spell: Scorch
   577 | D:1      | You fall into a shaft and drop 1 floor!
   587 | D:2      | Reached XP level 3. HP: 17/19 MP: 0/6
   938 | D:2      | Found Rotatwuc's Armour Shop.
   989 | D:2      | Found a runed translucent door.
   990 | D:2      | Noticed Crazy Yiuf
  1043 | D:2      | Found Beessim's Armour Boutique.
  1070 | D:2      | Found Gadwor's Antique Armour Boutique.
  1454 | D:2      | Reached XP level 4. HP: 21/24 MP: 4/7
  1953 | D:2      | Found Xuceo's Antique Weapon Boutique.
  2012 | D:2      | Found Diasoc's Antique Weapon Shop.
  2188 | D:2      | Learned a level 4 spell: Flame Wave
  2302 | D:3      | Noticed Jessica
  2311 | D:3      | Killed Jessica
  2397 | D:3      | Reached XP level 5. HP: 28/28 MP: 6/8
  3053 | D:3      | Identified the ring "Qimugim" {rPois rC- rN++ Int+2 Slay+4}
  3473 | D:4      | Noticed Edmund
  3475 | D:4      | Noticed a phantom
  3719 | D:4      | Killed a phantom
  3720 | D:4      | Reached XP level 6. HP: 15/32 MP: 1/9
  3722 | D:4      | Reached skill level 5 in Fire Magic
  3855 | D:4      | Learned a level 3 spell: Inner Flame
  4135 | D:4      | Killed Edmund
  4136 | D:4      | Reached skill level 5 in Conjurations
  4152 | D:4      | Reached XP level 7. HP: 36/36 MP: 4/10
  4451 | D:5      | Entered Level 5 of the Dungeon
  4581 | D:5      | Noticed Prince Ribbit
  4592 | D:5      | Killed Prince Ribbit
  4726 | D:5      | Reached XP level 8. HP: 41/41 MP: 7/11
  4872 | D:5      | Found a radiant altar of Vehumet.
  4934 | D:5      | Became a worshipper of Vehumet
  5001 | D:5      | Found a blossoming altar of Fedhas.
  5727 | D:6      | Learned a level 3 spell: Volatile Blastmotes
  5933 | D:6      | Found a staircase to the Ecumenical Temple.
  5940 | Temple   | Entered the Ecumenical Temple
  6303 | D:6      | Identified the +0 cloak "Nenek" {Slay+2}
  6550 | D:7      | Found a basalt altar of Yredelemnul.
  6555 | D:7      | Reached XP level 9. HP: 43/45 MP: 14/14
  7158 | Bailey   | Identified the "Cimid"
  7302 | D:8      | Found a flagged portal.
  7311 | Bailey   | Entered a bailey
  7328 | Bailey   | Reached * piety under Vehumet
  7328 | Bailey   | Offered knowledge of Sandblast by Vehumet.
  7335 | Bailey   | Noticed an orc warlord
  7699 | Bailey   | Found a runed translucent gate.
  7702 | Bailey   | Found a runed translucent gate.
  7703 | Bailey   | Found a runed translucent gate.
  8052 | Bailey   | Mangled by an orc warlord

Illustrated notes

Levels and vault maps discovered:
D:1:      eino_arrival_water_cross, layout_basic, hangedman_glass_teeth
D:2:      minmay_chambers_of_ones, layout_basic, serial_shops,
          nicolae_shop_waterfront, nicolae_shop_rolling_square,
          nicolae_shop_behind_doors, nicolae_shop_crystal,
          nicolae_shop_hallway_stairs, uniq_crazy_yiuf_cottage
D:3:      layout_basic, reono_crystal_passage, serial_park_tiny_pond,
          uniq_jessica
D:4:      layout_basic, nicolae_figureground_pulse, uniq_edmund
D:5:      layout_basic, old_standard_altar, lemuel_doored_altar,
          uniq_prince_ribbit1
D:6:      layout_basic, minmay_temple_entry_overgrown, minmay_gold_behind_fungi,
          nicolae_titane
D:7:      layout_loops_ring, general_overflow_altar
D:8:      layout_basic, dpeg_oklobed_lair, enter_bailey_2, serial_shops,
          nicolae_shop_dealshenge, supply_closet_lemuel, uniq_maurice
Temple:   dpeg_chambers_temple
Bailey:   bailey_axe_bossmonster_kennysheep, bailey

Skill      XL: |  1  2  3  4  5  6  7  8  9 |
---------------+----------------------------+-----
Conjurations   | 2 3 4 5 6 8 9 |  9.2
Fire Magic     | 4 5 6 8 9 |  9.0
Spellcasting   | 3 4 |  4.4
Dodging        | |  1.5
Stealth        | |  2.1

Action                     |  1- 3 |  4- 6 |  7- 9 || total
---------------------------+-------+-------+-------++-------
  Melee: Unarmed           |    15 |       |       ||    15
         Whip              |     8 |    18 |       ||    26
         Staff             |       |    70 |    33 ||   103
   Cast: Foxfire           |    36 |    45 |    71 ||   152
         Scorch            |     9 |    12 |    25 ||    46
         Flame Wave        |       |     1 |    15 ||    16
         Inner Flame       |       |     1 |     4 ||     5
         Volatile Blastmot |       |       |    12 ||    12
    Use: Scroll            |       |     4 |     3 ||     7
   Stab: Sleeping          |     1 |       |       ||     1
         Distracted        |       |     2 |       ||     2
 Armour: Robe              |    23 |    65 |    84 ||   172
  Dodge: Dodged            |    18 |   112 |    80 ||   210

Table legend: (Time is in decaauts)
 A = Elapsed time spent in this place.
 B = Non-inter-level travel time spent in this place.
 C = Inter-level travel time spent in this place.
 D = Time resting spent in this place.
 E = Time spent auto-exploring this place.
 F = Levels seen in this place.
 G = Mean time per level.
                   A        B        C        D        E       F      G
               +--------+--------+--------+--------+--------+-----+--------+
         Total |   8086 |   7855 |    231 |    574 |   6015 |  10 |  808.6 |
       Dungeon |   7331 |   7100 |    231 |    292 |   5804 |   8 |  916.4 |
        Temple |      1 |      1 |      0 |      0 |      0 |   1 |    1.0 |
        Bailey |    752 |    752 |      0 |    282 |    210 |   1 |  752.0 |
               +--------+--------+--------+--------+--------+-----+--------+

Top non-repeatable levels by time:
     D:2: 1347 daAuts
     D:3: 1155 daAuts
     D:4: 1117 daAuts
     D:6: 963 daAuts
     D:5: 937 daAuts
     D:1: 916 daAuts
  Bailey: 752 daAuts
     D:7: 740 daAuts
     D:8: 153 daAuts
  Temple: 1 daAuts
